[Event "Hungarian Rapid-ch 2022"]
[Site "Ajka"]
[Date "2022.07.15"]
[Round "1.25"]
[White "Papp, Levente"]
[Black "Bujna, Peter"]
[Result "1-0"]
[ECO "A13"]
[WhiteElo "2394"]
[BlackElo "1780"]
[Annotator "ChessBase"]
[PlyCount "37"]
[EventDate "2022.07.15"]
[EventType "swiss"]
[EventCountry "HUN"]
[SourceTitle "playchess.com"]
[Source "ChessBase"]
[SourceQuality "1"]
[TimeControl "900+10"]

1. c4 e6 2. Nf3 d5 3. g3 Nf6 4. Bg2 c6 5. cxd5 exd5 6. O-O Bd6 7. d3 O-O 8. Nc3 Bf5 9. Qb3 Qc7 10. Nd4 Bg6 11. Bg5 Nbd7 12. Rac1 a6 13. e4 dxe4 14. dxe4 Be5 15. Nf5 Nc5 16. Qc4 Bxc3 17. Qxc3 Ncxe4 18. Bxe4 Nxe4 19. Qxg7# 1-0

[Event "Hungarian Rapid-ch 2022"]
[Site "Ajka"]
[Date "2022.07.15"]
[Round "1.26"]
[White "Matyi, Attila"]
[Black "Hoang, Thanh Trang"]
[Result "0-1"]
[ECO "A80"]
[WhiteElo "1875"]
[BlackElo "2376"]
[Annotator "ChessBase"]
[PlyCount "54"]
[EventDate "2022.07.15"]
[EventType "swiss"]
[EventCountry "HUN"]
[SourceTitle "playchess.com"]
[Source "ChessBase"]
[SourceQuality "1"]
[TimeControl "900+10"]

1. d4 f5 2. Nc3 Nf6 3. Bg5 d5 4. f3 g6 5. Bxf6 exf6 6. e4 fxe4 7. fxe4 dxe4 8. Nxe4 Bg7 9. Nf3 Qe7 10. Qe2 O-O 11. O-O-O Nc6 12. Nc5 Kh8 13. Qc4 Qd6 14. Kb1 Rb8 15. Ne4 Qf4 16. Bd3 Bg4 17. Rdf1 Qh6 18. h3 Bxf3 19. Rxf3 f5 20. Nc5 Nxd4 21. Nd7 Nxf3 22. gxf3 c6 23. h4 Qe3 24. Rf1 Rfe8 25. a3 Rbd8 26. Nc5 b5 27. Qb4 a5 0-1

[Event "Hungarian Rapid-ch 2022"]
[Site "Ajka"]
[Date "2022.07.15"]
[Round "1.27"]
[White "Straubinger, Daniel"]
[Black "Vicze, Kata"]
[Result "1-0"]
[ECO "B30"]
[WhiteElo "2349"]
[BlackElo "1786"]
[Annotator "ChessBase"]
[PlyCount "81"]
[EventDate "2022.07.15"]
[EventType "swiss"]
[EventCountry "HUN"]
[SourceTitle "playchess.com"]
[Source "ChessBase"]
[SourceQuality "1"]
[TimeControl "900+10"]

1. e4 c5 2. Nf3 Nc6 3. Bb5 e6 4. O-O Nge7 5. Re1 a6 6. Bf1 d5 7. exd5 Nxd5 8. d3 Bd6 9. Nbd2 O-O 10. a4 Rb8 11. g3 f5 12. Bg2 Qf6 13. Nc4 Bc7 14. Bg5 Qg6 15. Bd2 f4 16. Nce5 Nxe5 17. Nxe5 Bxe5 18. Rxe5 fxg3 19. fxg3 Nf6 20. Rxc5 Ng4 21. Rg5 Nf2 22. Rxg6 Nxd1 23. Rg5 h6 24. Rc5 Nf2 25. Bf4 Ra8 26. Kxf2 g5 27. Ke3 gxf4+ 28. gxf4 b6 29. Rc7 Rb8 30. Be4 Rf7 31. Rg1+ Kf8 32. Rxf7+ Kxf7 33. Rg6 Bd7 34. b3 Rh8 35. Kd4 Bc6 36. Rg2 Bxe4 37. Kxe4 Kf6 38. h4 Rc8 39. c4 b5 40. axb5 axb5 41. h5 1-0

[Event "Hungarian Rapid-ch 2022"]
[Site "Ajka"]
[Date "2022.07.15"]
[Round "1.28"]
[White "Gyenes, Mate"]
[Black "Emodi, Barnabas"]
[Result "0-1"]
[ECO "B20"]
[WhiteElo "2048"]
[BlackElo "2341"]
[Annotator "ChessBase"]
[PlyCount "67"]
[EventDate "2022.07.15"]
[EventType "swiss"]
[EventCountry "HUN"]
[SourceTitle "playchess.com"]
[Source "ChessBase"]
[SourceQuality "1"]
[TimeControl "900+10"]

1. e4 c5 2. g3 e6 3. Bg2 d5 4. exd5 exd5 5. d4 Nf6 6. Ne2 Nc6 7. O-O cxd4 8. Nxd4 Be7 9. h3 O-O 10. Be3 Be6 11. Nd2 Qd7 12. N2b3 Bxh3 13. Re1 Bxg2 14. Kxg2 Rfe8 15. c3 Ne5 16. Qc2 Nc4 17. Bg5 Ne4 18. Bxe7 Rxe7 19. Re2 Rae8 20. Rae1 b6 21. f3 Nf6 22. Rxe7 Rxe7 23. Rxe7 Qxe7 24. Nf5 Qe5 25. Nbd4 g6 26. Nc6 gxf5 27. Nxe5 Ne3+ 28. Kf2 Nxc2 29. Ke2 d4 30. Kd2 Ne3 31. cxd4 Nf1+ 32. Kd3 Nxg3 33. Nc6 h5 34. Nxa7 0-1

[Event "Hungarian Rapid-ch 2022"]
[Site "Ajka"]
[Date "2022.07.15"]
[Round "1.29"]
[White "Leviczky, Tibor"]
[Black "Szikszai, Bertalan"]
[Result "1-0"]
[ECO "B38"]
[WhiteElo "2281"]
[BlackElo "2153"]
[Annotator "ChessBase"]
[PlyCount "61"]
[EventDate "2022.07.15"]
[EventType "swiss"]
[EventCountry "HUN"]
[SourceTitle "playchess.com"]
[Source "ChessBase"]
[SourceQuality "1"]
[TimeControl "900+10"]

1. Nf3 c5 2. c4 Nc6 3. d4 cxd4 4. Nxd4 g6 5. e4 Bg7 6. Be3 d6 7. Nc3 Nf6 8. Be2 O-O 9. O-O Bd7 10. Qd2 Re8 11. f3 Rc8 12. Rac1 a6 13. Rfd1 Ne5 14. Nd5 Nxd5 15. exd5 Rb8 16. b4 h5 17. h3 Ba4 18. Re1 Nd7 19. f4 Nf6 20. f5 gxf5 21. Nxf5 Bd7 22. Nxg7 Kxg7 23. Bd4 Rg8 24. Bxh5 Rh8 25. Bf3 Bf5 26. Re2 Bg6 27. Rce1 Re8 28. Qf4 Qd7 29. Rxe7 Rxe7 30. Qxf6+ Kh6 31. Qh4+ 1-0

[Event "Hungarian Rapid-ch 2022"]
[Site "Ajka"]
[Date "2022.07.15"]
[Round "1.30"]
[White "Borus, Andras"]
[Black "Krstulovic, Alex"]
[Result "0-1"]
[ECO "B02"]
[WhiteElo "2014"]
[BlackElo "2413"]
[Annotator "ChessBase"]
[PlyCount "70"]
[EventDate "2022.07.15"]
[EventType "swiss"]
[EventCountry "HUN"]
[SourceTitle "playchess.com"]
[Source "ChessBase"]
[SourceQuality "1"]
[TimeControl "900+10"]

1. e4 Nf6 2. d3 c5 3. g3 d5 4. Nd2 Nc6 5. Ngf3 e6 6. Bg2 b6 7. O-O Bb7 8. Re1 Be7 9. e5 Nd7 10. c3 Rc8 11. Nf1 O-O 12. h4 Qc7 13. Bf4 d4 14. c4 Nd8 15. N1h2 Qc6 16. h5 b5 17. b3 f5 18. exf6 Bxf6 19. Nh4 Qb6 20. Bxb7 Qxb7 21. Qg4 e5 22. Bd2 Bxh4 23. Qxh4 bxc4 24. bxc4 Qb2 25. Rad1 Nc6 26. Qg4 Nf6 27. Qe6+ Kh8 28. Ng4 Rce8 29. Qf5 Ne7 30. Qg5 h6 31. Qh4 Nf5 32. Qh3 Nd7 33. Qg2 e4 34. Rxe4 Qc2 35. Ree1 Rxe1+ 0-1

[Event "Hungarian Rapid-ch 2022"]
[Site "Ajka"]
[Date "2022.07.15"]
[Round "2.1"]
[White "Szelenyi, Norbert"]
[Black "Berkes, Ferenc"]
[Result "0-1"]
[ECO "A06"]
[WhiteElo "2277"]
[BlackElo "2649"]
[Annotator "ChessBase"]
[PlyCount "56"]
[EventDate "2022.07.15"]
[EventType "swiss"]
[EventCountry "HUN"]
[SourceTitle "playchess.com"]
[Source "ChessBase"]
[SourceQuality "1"]
[TimeControl "900+10"]

1. g3 d5 2. Nf3 Nd7 3. c4 dxc4 4. Na3 e5 5. Nxc4 e4 6. Nd4 Nb6 7. Nxb6 axb6 8. Nc2 Nf6 9. Bg2 h5 10. h4 Bd6 11. d3 Bf5 12. dxe4 Bxe4 13. O-O Qd7 14. Bxe4 Nxe4 15. Qd5 Nxg3 16. Re1 O-O 17. Qf3 Nf5 18. Qxh5 Ra5 19. Qg4 Qc6 20. Ne3 Nh6 21. Qg2 Rh5 22. Qxc6 bxc6 23. Ng2 Nf5 24. Bd2 Re8 25. a4 Nd4 26. Rac1 Rxe2 27. Be3 Rxe1+ 28. Nxe1 Ne2+ 0-1

[Event "Hungarian Rapid-ch 2022"]
[Site "Ajka"]
[Date "2022.07.15"]
[Round "2.2"]
[White "Gledura, Benjamin"]
[Black "Farago, Sandor"]
[Result "1-0"]
[ECO "A05"]
[WhiteElo "2637"]
[BlackElo "2141"]
[Annotator "ChessBase"]
[PlyCount "103"]
[EventDate "2022.07.15"]
[EventType "swiss"]
[EventCountry "HUN"]
[SourceTitle "playchess.com"]
[Source "ChessBase"]
[SourceQuality "1"]
[TimeControl "900+10"]

1. Nf3 Nf6 2. g3 g6 3. b3 Bg7 4. Bb2 c5 5. c4 Nc6 6. Bg2 d6 7. d4 cxd4 8. Nxd4 Bd7 9. Nc3 Qb6 10. e3 O-O 11. O-O Rac8 12. Nde2 Ne5 13. Qd2 Bc6 14. e4 Qa5 15. Rfd1 Rfe8 16. Nd4 a6 17. Qe2 Qb6 18. Rac1 h5 19. Nxc6 bxc6 20. Na4 Qb8 21. c5 Qb5 22. Qc2 Ned7 23. cxd6 exd6 24. Rxd6 Ne5 25. h3 c5 26. f4 Ned7 27. Qc4 Qxc4 28. Rxc4 Re6 29. Rd2 Nb6 30. Nxb6 Rxb6 31. e5 Ne8 32. Rd7 Rc7 33. Rd8 Kf8 34. Ba3 Rb5 35. Rd5 Kg8 36. Rcxc5 Rcxc5 37. Rxc5 Bf8 38. Rxb5 axb5 39. Bxf8 Kxf8 40. b4 Nc7 41. Kf2 Ke7 42. Ke3 Ke6 43. Kd4 Na6 44. a3 Kf5 45. Be4+ Ke6 46. Bd5+ Ke7 47. Bc6 Nc7 48. Kc5 Ke6 49. Bxb5 Kf5 50. Bd3+ Ke6 51. a4 Kd7 52. Bc4 1-0

[Event "Hungarian Rapid-ch 2022"]
[Site "Ajka"]
[Date "2022.07.15"]
[Round "2.3"]
[White "Kozma, Karoly"]
[Black "Balog, Imre"]
[Result "0-1"]
[ECO "A05"]
[WhiteElo "2213"]
[BlackElo "2594"]
[Annotator "ChessBase"]
[PlyCount "107"]
[EventDate "2022.07.15"]
[EventType "swiss"]
[EventCountry "HUN"]
[SourceTitle "playchess.com"]
[Source "ChessBase"]
[SourceQuality "1"]
[TimeControl "900+10"]

1. Nf3 Nf6 2. b3 g6 3. Bb2 Bg7 4. g3 O-O 5. Bg2 d6 6. c4 e5 7. d3 Re8 8. O-O Nbd7 9. Nc3 c6 10. Rc1 a6 11. Nd2 Nf8 12. b4 h6 13. a4 Be6 14. Nde4 Nxe4 15. Nxe4 Qd7 16. c5 d5 17. Nd6 Reb8 18. f4 f6 19. a5 exf4 20. Rxf4 Nh7 21. e4 dxe4 22. Bxe4 Ng5 23. Kh1 f5 24. Bxg7 Kxg7 25. Bg2 Nf7 26. Rd4 Qe7 27. Qe2 Qf6 28. Qe3 Rd8 29. Re1 Ba2 30. h4 Nxd6 31. Rxd6 Rxd6 32. Qe7+ Bf7 33. cxd6 Rd8 34. Qxb7 Rxd6 35. Qxa6 f4 36. Rf1 g5 37. Qb7 Rxd3 38. Qxc6 Rxg3 39. Qxf6+ Kxf6 40. hxg5+ hxg5 41. a6 Ra3 42. b5 Bc4 43. Rb1 g4 44. b6 Bxa6 45. b7 Bxb7 46. Bxb7 Kg5 47. Bc8 Rc3 48. Bxg4 Kxg4 49. Kg2 Rc2+ 50. Kf1 Kg3 51. Rb8 Rc1+ 52. Ke2 f3+ 53. Ke3 Re1+ 54. Kd4 0-1

[Event "Hungarian Rapid-ch 2022"]
[Site "Ajka"]
[Date "2022.07.15"]
[Round "2.4"]
[White "Hera, Imre Jr."]
[Black "Laszlo, Janos"]
[Result "1-0"]
[ECO "A13"]
[WhiteElo "2568"]
[BlackElo "2214"]
[Annotator "ChessBase"]
[PlyCount "59"]
[EventDate "2022.07.15"]
[EventType "swiss"]
[EventCountry "HUN"]
[SourceTitle "playchess.com"]
[Source "ChessBase"]
[SourceQuality "1"]
[TimeControl "900+10"]

1. c4 e6 2. g3 d5 3. Bg2 Nf6 4. Nf3 c5 5. cxd5 exd5 6. d4 Nc6 7. O-O h6 8. Nc3 Bd6 9. Nb5 Be7 10. Bf4 O-O 11. dxc5 Bxc5 12. Rc1 Bb6 13. Nfd4 Nxd4 14. Nxd4 Re8 15. h3 Bd7 16. Qd3 Ne4 17. b4 Qe7 18. a3 Rac8 19. Kh2 Rxc1 20. Bxc1 Rc8 21. Bb2 Rc4 22. e3 h5 23. Ne2 Bc6 24. Nf4 Qg5 25. h4 Qh6 26. Nxd5 Bxd5 27. Qxd5 Rc2 28. Bxe4 Rxb2 29. Qe5 Qf6 30. Qe8# 1-0

[Event "Hungarian Rapid-ch 2022"]
[Site "Ajka"]
[Date "2022.07.15"]
[Round "2.5"]
[White "Pap, Peter"]
[Black "Horvath, Csaba"]
[Result "1/2-1/2"]
[ECO "B41"]
[WhiteElo "2159"]
[BlackElo "2506"]
[Annotator "ChessBase"]
[PlyCount "86"]
[EventDate "2022.07.15"]
[EventType "swiss"]
[EventCountry "HUN"]
[SourceTitle "playchess.com"]
[Source "ChessBase"]
[SourceQuality "1"]
[TimeControl "900+10"]

1. e4 c5 2. Nf3 e6 3. d4 cxd4 4. Nxd4 a6 5. c4 Nf6 6. Nc3 Qc7 7. a3 b6 8. Be3 Bb7 9. f3 Be7 10. Be2 d6 11. O-O Nbd7 12. a4 Rb8 13. a5 bxa5 14. Nb3 Ba8 15. Nxa5 Rxb2 16. Nb3 Qb7 17. Nd4 Nc5 18. Na4 Rb4 19. Bd2 Rxa4 20. Rxa4 Nxa4 21. Qxa4+ Nd7 22. c5 dxc5 23. Bxa6 Qb2 24. Nb3 Bd6 25. Bc1 Qe5 26. g3 Qc3 27. Bb5 Ke7 28. Bxd7 c4 29. Bd2 Qxb3 30. Qa7 Qb7 31. Qxb7 Bxb7 32. Bb5 Rc8 33. Rc1 f5 34. exf5 exf5 35. Rxc4 Rxc4 36. Bxc4 Bxf3 37. Kf2 Be4 38. Be3 Be5 39. Bg8 h6 40. h3 g5 41. Bh7 Bxg3+ 42. Kxg3 f4+ 43. Kh2 fxe3 1/2-1/2

[Event "Hungarian Rapid-ch 2022"]
[Site "Ajka"]
[Date "2022.07.15"]
[Round "2.6"]
[White "Prohaszka, Peter"]
[Black "Szalanczi, Emil"]
[Result "1-0"]
[ECO "D94"]
[WhiteElo "2570"]
[BlackElo "2042"]
[Annotator "ChessBase"]
[PlyCount "65"]
[EventDate "2022.07.15"]
[EventType "swiss"]
[EventCountry "HUN"]
[SourceTitle "playchess.com"]
[Source "ChessBase"]
[SourceQuality "1"]
[TimeControl "900+10"]

1. d4 Nf6 2. c4 g6 3. Nc3 d5 4. Nf3 Bg7 5. e3 O-O 6. cxd5 Nxd5 7. Bc4 Nb6 8. Bb3 Nc6 9. O-O e5 10. d5 Na5 11. e4 Bg4 12. h3 Nxb3 13. axb3 Bxf3 14. Qxf3 c6 15. Be3 Qe7 16. Ra5 Qb4 17. Rfa1 Nd7 18. Qd1 Rfd8 19. dxc6 bxc6 20. Rxa7 Rxa7 21. Rxa7 Qe7 22. Bb6 Nxb6 23. Rxe7 Rxd1+ 24. Nxd1 Bf8 25. Rc7 c5 26. Nc3 Kg7 27. Na4 Nxa4 28. bxa4 Kf6 29. a5 Bd6 30. Rc6 Ke6 31. a6 Kd7 32. Rxd6+ Kxd6 33. a7 1-0

[Event "Hungarian Rapid-ch 2022"]
[Site "Ajka"]
[Date "2022.07.15"]
[Round "2.7"]
[White "Hardicsay, Peter"]
[Black "Kozak, Adam"]
[Result "1/2-1/2"]
[ECO "A17"]
[WhiteElo "2199"]
[BlackElo "2522"]
[Annotator "ChessBase"]
[PlyCount "143"]
[EventDate "2022.07.15"]
[EventType "swiss"]
[EventCountry "HUN"]
[SourceTitle "playchess.com"]
[Source "ChessBase"]
[SourceQuality "1"]
[TimeControl "900+10"]

1. c4 Nf6 2. Nc3 e6 3. Nf3 b6 4. g3 Bb7 5. Bg2 Be7 6. O-O O-O 7. Re1 Ne4 8. Nxe4 Bxe4 9. d3 Bb7 10. e4 c5 11. b3 Bf6 12. e5 Be7 13. Bb2 Nc6 14. d4 Nxd4 15. Nxd4 Bxg2 16. Nxe6 fxe6 17. Kxg2 Qc7 18. Qd3 Rf7 19. Rad1 Raf8 20. Rd2 Bd8 21. Qe4 Qc8 22. Bc3 Bg5 23. Rde2 Bd8 24. Rd1 g5 25. Rd3 Rg7 26. Rf3 Rxf3 27. Qxf3 Bc7 28. h3 Qe8 29. Rd2 Rf7 30. Qb7 Bb8 31. Qe4 Qf8 32. Re2 Bc7 33. Qb7 Bb8 34. Qe4 Qc8 35. a4 Bc7 36. Rd2 Bd8 37. Rd3 Rg7 38. Bd2 Be7 39. Rf3 Rg6 40. Bc3 Rg7 41. Bd2 Qb8 42. Bc3 Bd8 43. Rd3 Kf8 44. Rf3+ Kg8 45. Rd3 Qc8 46. Bd2 Be7 47. Rf3 Qb8 48. Bc3 Bf8 49. Bd2 Qe8 50. Bc3 Qc8 51. Bd2 Be7 52. Bc3 Qe8 53. Bd2 Bf8 54. Bc3 Qb8 55. Bd2 Be7 56. Bc3 Bd8 57. Rd3 Bc7 58. Rf3 Qd8 59. Rd3 Qc8 60. Rf3 Qb8 61. Rd3 Qc8 62. Rf3 Qe8 63. Rd3 h5 64. g4 Qc8 65. Rf3 hxg4 66. hxg4 Bd8 67. Rh3 Be7 68. Rf3 Qb8 69. Rd3 Qc8 70. Rf3 Qb8 71. Rd3 Qc8 72. Rf3 1/2-1/2

[Event "Hungarian Rapid-ch 2022"]
[Site "Ajka"]
[Date "2022.07.15"]
[Round "2.8"]
[White "Kaczur, Florian"]
[Black "Miszler, Levente"]
[Result "0-1"]
[ECO "C01"]
[WhiteElo "2482"]
[BlackElo "2243"]
[Annotator "ChessBase"]
[PlyCount "102"]
[EventDate "2022.07.15"]
[EventType "swiss"]
[EventCountry "HUN"]
[SourceTitle "playchess.com"]
[Source "ChessBase"]
[SourceQuality "1"]
[TimeControl "900+10"]

1. e4 e6 2. d4 d5 3. exd5 exd5 4. c4 Nf6 5. Nc3 Bb4 6. Bd3 O-O 7. Nge2 dxc4 8. Bxc4 Nc6 9. O-O h6 10. Be3 Ne7 11. Qb3 Bd6 12. Ng3 Nf5 13. Nb5 Bxg3 14. hxg3 a6 15. Nc3 Nxd4 16. Qd1 c5 17. Bxd4 cxd4 18. Ne2 b5 19. Bb3 d3 20. Nf4 Bf5 21. Qf3 Be4 22. Qe3 Re8 23. Rfd1 Ng4 24. Qc5 Rc8 25. Bxf7+ Kxf7 26. Qh5+ Kg8 27. Qxg4 Rc2 28. Nxd3 Bxd3 29. Qf3 Rxb2 30. Rxd3 Qf6 31. Qxf6 gxf6 32. Rd6 Kf7 33. Rxa6 Ree2 34. Rf1 Rxa2 35. Rxa2 Rxa2 36. Rb1 Ra5 37. Kh2 Ke6 38. Kh3 Kd5 39. Kg4 Kc4 40. Kf5 Ra2 41. Rc1+ Kd3 42. f4 Rxg2 43. g4 b4 44. Rc6 b3 45. Rxf6 b2 46. Rb6 Kc2 47. Rc6+ Kd1 48. Rb6 Kc1 49. Rc6+ Rc2 50. Rxh6 Rc5+ 51. Kf6 Rc6+ 0-1

[Event "Hungarian Rapid-ch 2022"]
[Site "Ajka"]
[Date "2022.07.15"]
[Round "2.9"]
[White "Restas, Peter"]
[Black "Vertetics, Attila"]
[Result "0-1"]
[ECO "A11"]
[WhiteElo "2061"]
[BlackElo "2465"]
[Annotator "ChessBase"]
[PlyCount "146"]
[EventDate "2022.07.15"]
[EventType "swiss"]
[EventCountry "HUN"]
[SourceTitle "playchess.com"]
[Source "ChessBase"]
[SourceQuality "1"]
[TimeControl "900+10"]

1. c4 c6 2. Nc3 d5 3. d4 Nf6 4. cxd5 cxd5 5. Bf4 Nc6 6. e3 Bg4 7. f3 Bd7 8. Bd3 e6 9. Nge2 Nh5 10. O-O Nxf4 11. Nxf4 Bd6 12. Nfe2 O-O 13. Kh1 Rc8 14. e4 dxe4 15. fxe4 e5 16. d5 Ne7 17. Qb3 Rb8 18. Nb5 Qb6 19. Nxd6 Qxd6 20. Ng3 Rfc8 21. Rac1 b5 22. a3 a5 23. Rxc8+ Nxc8 24. Rc1 b4 25. h3 a4 26. Qc4 bxa3 27. bxa3 Qxa3 28. Qc7 g6 29. Qd8+ Kg7 30. Rf1 Qe7 31. Qc7 Qd6 32. Qd8 Ne7 33. Qa5 Rb3 34. Rf3 a3 35. Ne2 Nc8 36. Nc1 Rb2 37. Qc3 Nb6 38. Bf1 Na4 39. Qc4 Qc5 40. Qa6 Rb6 41. Qa7 Rd6 42. Qxc5 Nxc5 43. Rxa3 Nxe4 44. Bc4 f5 45. Nd3 Kf6 46. Ra7 h5 47. h4 f4 48. Ra8 Ng3+ 49. Kh2 Rb6 50. Ra1 Ne4 51. Re1 Bf5 52. Kg1 Rb8 53. Ra1 Rb6 54. Re1 Rd6 55. Kh2 Rd8 56. Rb1 Nd6 57. Rb6 Bxd3 58. Bxd3 g5 59. hxg5+ Kxg5 60. Bb1 e4 61. Kh3 e3 62. Bd3 Kf6 63. Be2 Ke5 64. Ra6 Rc8 65. Bxh5 Rh8 66. Kg4 Rg8+ 67. Kh3 Rh8 68. Kg4 Ne4 69. Bg6 Rg8 70. Kf3 Nd6 71. Bd3 Rg3+ 72. Ke2 Rxg2+ 73. Ke1 f3 0-1

[Event "Hungarian Rapid-ch 2022"]
[Site "Ajka"]
[Date "2022.07.15"]
[Round "2.10"]
[White "Antal, Gergely"]
[Black "Csati, Oliver"]
[Result "1-0"]
[ECO "B52"]
[WhiteElo "2571"]
[BlackElo "2218"]
[Annotator "ChessBase"]
[PlyCount "55"]
[EventDate "2022.07.15"]
[EventType "swiss"]
[EventCountry "HUN"]
[SourceTitle "playchess.com"]
[Source "ChessBase"]
[SourceQuality "1"]
[TimeControl "900+10"]

1. e4 c5 2. Nf3 d6 3. Bb5+ Bd7 4. Bxd7+ Qxd7 5. c4 Nc6 6. Nc3 g6 7. d4 cxd4 8. Nxd4 Bg7 9. Be3 Rc8 10. Rc1 Nf6 11. f3 O-O 12. b3 e6 13. O-O d5 14. cxd5 exd5 15. Nxc6 bxc6 16. e5 Ne8 17. Bc5 Bxe5 18. Bxf8 Kxf8 19. f4 Bf6 20. Ne4 Bd8 21. f5 Bb6+ 22. Kh1 Qe7 23. fxg6 hxg6 24. Qg4 Rc7 25. Ng5 Be3 26. Ne6+ Kg8 27. Nxc7 Bxc1 28. Nxe8 1-0

[Event "Hungarian Rapid-ch 2022"]
[Site "Ajka"]
[Date "2022.07.15"]
[Round "2.11"]
[White "Deak, Sandor"]
[Black "Horvath, Adam"]
[Result "1/2-1/2"]
[ECO "E11"]
[WhiteElo "2264"]
[BlackElo "2520"]
[Annotator "ChessBase"]
[PlyCount "119"]
[EventDate "2022.07.15"]
[EventType "swiss"]
[EventCountry "HUN"]
[SourceTitle "playchess.com"]
[Source "ChessBase"]
[SourceQuality "1"]
[TimeControl "900+10"]

1. d4 Nf6 2. c4 e6 3. Nf3 Bb4+ 4. Bd2 a5 5. g3 b6 6. Bg2 Bb7 7. O-O O-O 8. Bg5 Be7 9. Bxf6 Bxf6 10. Qc2 g6 11. Nc3 d6 12. Rad1 Nd7 13. b3 Bg7 14. e4 Qe7 15. Rfe1 Rac8 16. h4 Rfd8 17. Qd2 Qf8 18. Qd3 Ba6 19. d5 e5 20. Bh3 c5 21. dxc6 Rxc6 22. Bxd7 Rxd7 23. a4 Rd8 24. Kg2 Bc8 25. Ng1 Bg4 26. f3 Be6 27. Nh3 h6 28. Nd5 Kh8 29. Rf1 Qe8 30. f4 exf4 31. Nhxf4 Bg4 32. Rde1 h5 33. Ne3 Bc8 34. Nfd5 Qe6 35. Nf4 Qe5 36. Ned5 Re8 37. Nh3 Kg8 38. Ng5 Rf8 39. Nf3 Qe6 40. Ng5 Qe5 41. Nf3 Qe8 42. Nd4 Rc5 43. Nxb6 Bg4 44. Nd5 Qd7 45. Nf6+ Bxf6 46. Rxf6 Qe7 47. Rf4 Re8 48. Nb5 Rd8 49. Nc3 Be6 50. Qd2 Re5 51. Rd1 Qb7 52. Qc2 Bg4 53. Rd2 Be6 54. Nb5 Qc6 55. Nd4 Qb7 56. Nf3 Rc5 57. Ng5 Re5 58. Nf3 Rc5 59. Ng5 Re5 60. Kh2 1/2-1/2

[Event "Hungarian Rapid-ch 2022"]
[Site "Ajka"]
[Date "2022.07.15"]
[Round "2.12"]
[White "Kassay, Krisztian"]
[Black "Kantor, Gergely"]
[Result "0-1"]
[ECO "A45"]
[WhiteElo "2157"]
[BlackElo "2582"]
[Annotator "ChessBase"]
[PlyCount "80"]
[EventDate "2022.07.15"]
[EventType "swiss"]
[EventCountry "HUN"]
[SourceTitle "playchess.com"]
[Source "ChessBase"]
[SourceQuality "1"]
[TimeControl "900+10"]

1. d4 Nf6 2. Bf4 d5 3. e3 c5 4. c3 Nc6 5. Nf3 Qb6 6. Qb3 c4 7. Qc2 Bf5 8. Qc1 Nh5 9. Bg3 Nxg3 10. hxg3 g6 11. Nbd2 Rc8 12. Be2 Bg7 13. Nh4 Bd7 14. e4 Nxd4 15. cxd4 Bxd4 16. O-O Bxb2 17. Qc2 Bxa1 18. Rxa1 e6 19. exd5 exd5 20. Rb1 Qc6 21. Ndf3 O-O 22. Nd4 Qc7 23. Qd2 Rfe8 24. Qh6 Re5 25. f4 Re4 26. Nhf3 f6 27. f5 Bxf5 28. Nxf5 gxf5 29. Qxf6 Rxe2 30. Qxf5 Qc5+ 31. Kh2 Re7 32. Qg4+ Rg7 33. Qe6+ Kh8 34. Ne5 Qf8 35. Qxd5 Qf2 36. g4 c3 37. Rxb7 Rxb7 38. Qxb7 Qh4+ 39. Kg1 Qe1+ 40. Kh2 Qxe5+ 0-1

[Event "Hungarian Rapid-ch 2022"]
[Site "Ajka"]
[Date "2022.07.15"]
[Round "2.13"]
[White "Aczel, Gergely"]
[Black "Nagy, Kristof"]
[Result "1-0"]
[ECO "D35"]
[WhiteElo "2499"]
[BlackElo "2162"]
[Annotator "ChessBase"]
[PlyCount "161"]
[EventDate "2022.07.15"]
[EventType "swiss"]
[EventCountry "HUN"]
[SourceTitle "playchess.com"]
[Source "ChessBase"]
[SourceQuality "1"]
[TimeControl "900+10"]

1. d4 d5 2. c4 e6 3. Nc3 Nf6 4. cxd5 exd5 5. Bg5 Be7 6. e3 O-O 7. Bd3 c6 8. h3 Nbd7 9. Nf3 b6 10. O-O Bb7 11. Rc1 Re8 12. Qc2 h6 13. Bf4 Bb4 14. a3 Bxc3 15. bxc3 Qe7 16. a4 Ne4 17. c4 c5 18. cxd5 Bxd5 19. Rfd1 Ndf6 20. a5 Qe6 21. Bb5 Rf8 22. dxc5 bxc5 23. Rb1 Rfc8 24. Bf1 g5 25. Be5 g4 26. Bxf6 Nxf6 27. hxg4 Qxg4 28. Nh2 Qg5 29. Qc3 Ne4 30. Qe1 c4 31. f3 Nf6 32. e4 Be6 33. Rdc1 Nh5 34. Qf2 Qxa5 35. Be2 Nf4 36. Nf1 Qg5 37. Kh1 a5 38. g3 Nd3 39. Bxd3 cxd3 40. Qd2 Qh5+ 41. Kg2 Bh3+ 42. Kf2 Bxf1 43. Kxf1 Qh1+ 44. Kf2 Qh2+ 45. Ke3 Rxc1 46. Qxh2 Rxb1 47. Qxh6 a4 48. Qg5+ Kf8 49. Qh6+ Kg8 50. f4 Rb3 51. Qg5+ Kf8 52. Qc5+ Kg8 53. Qd5 Rbb8 54. Qg5+ Kf8 55. f5 a3 56. f6 a2 57. Qc5+ Kg8 58. Qg5+ Kf8 59. Qh5 Ke8 60. Qe5+ Kf8 61. Qc5+ Kg8 62. Qg5+ Kf8 63. Qg7+ Ke8 64. Qg8+ Kd7 65. Qxf7+ Kc6 66. Qd5+ Kb6 67. Qd4+ Kc6 68. Qc3+ Kb6 69. Qa1 Rd8 70. Kd2 Kb5 71. e5 Rg8 72. f7 Rxg3 73. e6 Rg2+ 74. Kxd3 Rg3+ 75. Ke4 Ra4+ 76. Ke5 Re3+ 77. Kf6 Rf3+ 78. Ke7 Ra7+ 79. Kd6 Kc4 80. Qc1+ Kb4 81. Qc5+ 1-0

[Event "Hungarian Rapid-ch 2022"]
[Site "Ajka"]
[Date "2022.07.15"]
[Round "2.14"]
[White "Seres, Bela"]
[Black "Mihok, Oliver"]
[Result "1/2-1/2"]
[ECO "B40"]
[WhiteElo "2207"]
[BlackElo "2549"]
[Annotator "ChessBase"]
[PlyCount "79"]
[EventDate "2022.07.15"]
[EventType "swiss"]
[EventCountry "HUN"]
[SourceTitle "playchess.com"]
[Source "ChessBase"]
[SourceQuality "1"]
[TimeControl "900+10"]

1. e4 c5 2. Nf3 e6 3. b3 a6 4. Bb2 Nc6 5. Be2 Qc7 6. O-O Nf6 7. Nc3 b5 8. d3 Be7 9. Re1 d6 10. Bf1 Bb7 11. Ne2 O-O 12. Ng3 Rfd8 13. Qd2 Rac8 14. Qg5 h6 15. Qf4 Nd4 16. Rac1 e5 17. Qd2 Nxf3+ 18. gxf3 Nh7 19. f4 Nf8 20. Nf5 Bf6 21. Qe2 Ng6 22. fxe5 dxe5 23. Qf3 Nf4 24. Rcd1 Kh7 25. Bc1 g6 26. Ne3 Bg7 27. c4 f5 28. Nd5 Nxd5 29. exd5 Rf8 30. Bg2 Rce8 31. Re2 e4 32. dxe4 fxe4 33. Qg3 Be5 34. Qh3 Qg7 35. Bxe4 Bc8 36. Qg2 Bd4 37. Rde1 Bd7 38. Be3 Bxe3 39. Rxe3 Rf6 40. Bf3 1/2-1/2

[Event "Hungarian Rapid-ch 2022"]
[Site "Ajka"]
[Date "2022.07.15"]
[Round "2.15"]
[White "Bagi, Mate"]
[Black "Gombocz, Ferenc Jr."]
[Result "1-0"]
[ECO "A09"]
[WhiteElo "2460"]
[BlackElo "2229"]
[Annotator "ChessBase"]
[PlyCount "105"]
[EventDate "2022.07.15"]
[EventType "swiss"]
[EventCountry "HUN"]
[SourceTitle "playchess.com"]
[Source "ChessBase"]
[SourceQuality "1"]
[TimeControl "900+10"]

1. Nf3 d5 2. c4 d4 3. g3 Nc6 4. Bg2 e5 5. d3 Nf6 6. O-O a5 7. Na3 Bc5 8. Nc2 h6 9. e4 dxe3 10. Bxe3 Bxe3 11. fxe3 Bg4 12. h3 Bxf3 13. Rxf3 e4 14. dxe4 Qxd1+ 15. Rxd1 O-O 16. Rf5 Rfe8 17. Rb5 Ra7 18. Nd4 Nxe4 19. Bxe4 Rxe4 20. Nxc6 bxc6 21. Rb8+ Kh7 22. Rd7 Rxe3 23. Kf2 Re4 24. c5 Re5 25. Rxf7 Rxc5 26. a4 Rg5 27. h4 Rg6 28. Re7 Rf6+ 29. Ke3 c5 30. h5 Raa6 31. Rxc7 Rae6+ 32. Kd3 Rb6 33. Rxb6 Rxb6 34. Kc3 Rb4 35. b3 Rg4 36. Rxc5 Rxg3+ 37. Kc4 Rg4+ 38. Kb5 Rg5 39. b4 axb4 40. Kxb4 Rg1 41. a5 Rb1+ 42. Kc4 Ra1 43. Kb5 g5 44. hxg6+ Kxg6 45. a6 h5 46. Kb6 h4 47. a7 h3 48. Ra5 Rb1+ 49. Kc7 h2 50. a8=Q h1=Q 51. Qg8+ Kf6 52. Qg5+ Kf7 53. Rf5+ 1-0